 Dungeon Crawl Stone Soup version 0.30.1-8-g117510f58f (webtiles) character file.

Game seed: 7370537561868380671

146850 monsoonserge the Peltast (level 16, -3/155 HPs)
             Began as a Minotaur Berserker on Sept 22, 2023.
             Was a High Priest of Trog.
             Slain by a caustic shrike simulacrum (19 damage)
             ... in an ice cave on Sept 23, 2023.
             The game lasted 01:56:13 (32286 turns).

monsoonserge the Peltast (Minotaur Berserker)      Turns: 32286, Time: 01:56:14

Health: -3/155     AC: 25    Str: 35    XL:     16   Next: 90%
Magic:  6/15       EV: 13    Int:  1    God:    Trog [*****.]
Gold:   2267       SH: 14    Dex: 11    Spells: 15/15 levels left

rFire   + . .        a - +2 eveningstar (flame)
rCold   + . .        R - +1 buckler {rPois}
rNeg    + . .        X - +0 pearl dragon scales
rPois   +            (helmet restricted)
rElec   .            u - scarf {rC+ rF+}
rCorr   +            g - +1 pair of gloves {infuse}
SInv    .            Y - +0 pair of boots
Will    ++++.        c - amulet of reflection
Stlth   +            w - +4 ring of protection
HPRegen 1.45/turn    K - ring of Day {Will+ rCorr Str+6 Int-3 Stlth+}
MPRegen 0.14/turn

%: reflection, infuse magic (1 MP)
@: strong-willed, regenerating
A: horns 2, retaliatory headbutt
a: Renounce Religion, Berserk, Trog's Hand, Brothers in Arms


You were in an ice cave.
You worshipped Trog.
Trog was extremely pleased with you.
You visited 7 branches of the dungeon, and saw 27 of its levels.
You also visited: Ice Cave.

You collected 3693 gold pieces.
You spent 1426 gold pieces at shops.

Inventory:

Hand Weapons
 a - a +2 eveningstar of flaming (weapon)
 b - a +2 sling of flaming
 k - a +5 antimagic broad axe
Missiles
 s - 2 javelins
 D - 4 curare-tipped darts
 F - a silver boomerang
 J - 37 poisoned darts
 O - 4 atropa-tipped darts
 U - 2 throwing nets
 V - 3 boomerangs (quivered)
Armour
 g - a +1 pair of gloves of infusion (worn)
 u - a scarf of resistance (worn)
 R - a +1 buckler of poison resistance (worn)
 X - +0 pearl dragon scales (worn)
 Y - a +0 pair of boots (worn)
Jewellery
 c - an amulet of reflection (around neck)
 w - a +4 ring of protection (left hand)
 K - the ring of Day (right hand) {Will+ rCorr Str+6 Int-3 Stlth+}
   (You bought it in a shop on level 1 of the Dungeon)

   [ring of resist corrosion]

   Str:       It affects your strength (+6).
   Int:       It affects your intelligence (-3).
   rCorr:     It protects you from acid and corrosion.
   Will:      It increases your willpower.
   Stlth:     It makes you more stealthy.
Wands
 m - a wand of iceblast (37)
 o - a wand of flame (6)
 x - a wand of light (7)
 A - a wand of charming (26)
 L - a wand of mindburst (26)
 T - a wand of polymorph (5)
Scrolls
 d - 4 scrolls of butterflies
 f - a scroll of blinking
 j - 4 scrolls of torment
 q - 8 scrolls of immolation {unknown}
 y - 5 scrolls of poison
 C - 2 scrolls of fog
 E - 5 scrolls of teleportation
 Q - 3 scrolls of fear
 Z - 2 scrolls of magic mapping
Potions
 h - 5 potions of heal wounds
 i - 6 potions of flight
 l - 5 potions of attraction
 p - 2 potions of resistance
 r - 16 potions of curing
 t - 5 potions of might
 z - a potion of cancellation {unknown}
 B - 3 potions of haste
 H - 2 potions of invisibility
 M - 6 potions of lignification
 P - a potion of berserk rage {unknown}
 S - 3 potions of ambrosia


   Skills:
 + Level 17.2 Fighting
 - Level 13.3(15.3) Axes
 - Level 12.5(15.0) Maces & Flails
 + Level 2.5 Ranged Weapons
 + Level 4.1 Throwing
 + Level 15.4 Armour
 + Level 7.2 Dodging
 - Level 1.0 Stealth
 + Level 18.6 Shields
 + Level 1.0 Unarmed Combat
 * Level 8.5 Evocations


You had 15 spell levels left.
You didn't know any spells.
Your spell library contained the following spells:

 Spells                   Type           Power      Damage    Failure   Level
 Kiss of Death            Conj/Necr      0%         2d5       77%         1
 Sandblast                Erth           0%         2d4       77%         1
 Sting                    Tmut/Pois      0%         1d3       77%         1
 Blink                    Tloc           0%         N/A       88%         2
 Cigotuvi's Dreadful Rot  Necr/Pois/Air  0%         N/A       88%         2
 Lesser Beckoning         Tloc           0%         N/A       88%         2
 Momentum Strike          Conj/Tloc      0%         3d8       88%         2
 Passwall                 Tmut/Erth      0%         N/A       88%         2
 Poisonous Vapours        Pois/Air       0%         N/A       88%         2
 Static Discharge         Conj/Air       0%         2-2/arc   88%         2
 Confusing Touch          Hex            0%         N/A       98%         3
 Hailstorm                Conj/Ice       0%         3d3       98%         3
 Ignite Poison            Fire/Tmut/Pois 0%         N/A       98%         3
 Mephitic Cloud           Conj/Pois/Air  0%         N/A       98%         3
 Stone Arrow              Conj/Erth      0%         3d7       98%         3
 Airstrike                Air            0%         2d(0-16)  100%        4
 Anguish                  Hex/Necr       0%         N/A       100%        4
 Animate Dead             Necr           0%         N/A       100%        4
 Cause Fear               Hex            0%         N/A       100%        4
 Dispel Undead            Necr           0%         3d6       100%        4
 Ice Form                 Ice/Tmut       0%         N/A       100%        4
 Manifold Assault         Tloc           0%         N/A       100%        4
 Olgreb's Toxic Radiance  Pois           0%         N/A       100%        4
 Summon Lightning Spire   Summ/Air       0%         N/A       100%        4
 Borgnjor's Vile Clutch   Necr/Erth      0%         N/A       100%        5
 Freezing Cloud           Conj/Ice/Air   0%         6-21      100%        5
 Death Channel            Necr           0%         N/A       100%        6
 Iron Shot                Conj/Erth      0%         9d1       100%        6
 Simulacrum               Ice/Necr       0%         N/A       100%        6
 Enfeeble                 Hex            0%         N/A       100%        7
 Storm Form               Tmut/Air       0%         N/A       100%        7


Dungeon Overview and Level Annotations

Branches:
Dungeon (15/15)            Temple (1/1) D:4            Lair (5/5) D:8
  Swamp (1/4) Lair:2        Snake (1/4) Lair:3        Slime (0/5) Lair:4
    Orc (2/2) D:12            Elf (2/3) Orc:2        Vaults (0/5) D:14
 Depths (0/4) D:15          IceCv (1/1)

Altars:
Ashenzari
Cheibriados
Dithmenos
Elyvilon
Fedhas
Gozag
Hepliaklqana
Kikubaaqudgha
Makhleb
Nemelex Xobeh
Okawaru
Qazlal
Ru
Sif Muna
Trog
Uskayaw
Vehumet
Wu Jian
Xom
Yredelemnul
Zin
The Shining One

Shops:
D:1 =   D:9 *(   Orc:2 :?(!   Elf:2 *

Portals:
Pandemonium: Orc:2

Annotations:
D:6 dig


Innate Abilities, Weirdness & Mutations

You have a pair of horns on your head.
You reflexively headbutt those who attack you in melee.


Message History

You block the dire elephant simulacrum's attack.
The dire elephant simulacrum trunk-slaps you.
The dire elephant simulacrum freezes you!
You resist.
The caustic shrike simulacrum claws you!
The caustic shrike simulacrum freezes you!
You resist.
You impale the caustic shrike simulacrum!!
You melt the caustic shrike simulacrum.
You headbutt the caustic shrike simulacrum!
The caustic shrike simulacrum is heavily damaged.
The caustic shrike simulacrum claws you!
The caustic shrike simulacrum freezes you!
You resist.
You barely miss the caustic shrike simulacrum.
Your headbutt misses the caustic shrike simulacrum.
The caustic shrike simulacrum is heavily damaged.
You block the caustic shrike simulacrum's attack.
The dire elephant simulacrum tramples you.
You stumble backwards!
Unknown command.
Your skin crawls.
You feel strong-willed.
You block the caustic shrike simulacrum's attack.
You block the dire elephant simulacrum's attack.
The dire elephant simulacrum completely misses you.
Unknown command.
You sock the caustic shrike simulacrum!
You melt the caustic shrike simulacrum.
The caustic shrike simulacrum is severely damaged.
The caustic shrike simulacrum claws you.
* * * LOW HITPOINT WARNING * * *
The caustic shrike simulacrum freezes you!!
You resist.
* * * LOW HITPOINT WARNING * * *
Your ogre goes berserk!
The caustic shrike simulacrum claws you!
* * * LOW HITPOINT WARNING * * *
The caustic shrike simulacrum freezes you!!
You resist.
You die...

#...###..# #.§§○
#..##.#.## #...#
#..#....## #§§☼#
#..##....# #☼#.#
##..#....###☼..###
#..##..)##☼○○§..#
##..#.[##○☼#.....#
#..####ZZ###.#W...
##.###.@O# .W.#Z.
##..#..## .W. .
#....## .....
##..## .Z.. ####
#..Z


You could see a dire elephant simulacrum (ally target), a caustic shrike
simulacrum and a friendly ogre (summoned, berserk).

Vanquished Creatures
  Kirke (Lair:5)
  The ghost of Mibb the Severer, a journeyman MiFi of Gozag (Lair:5)
  The ghost of Bananafolds the Warrior, a journeyman MfSk of Makhleb (Lair:4)
  An orc warlord (Orc:2)
  Nessos (D:13)
  A deep elf demonologist (Elf:1)
  A fire dragon (Lair:5)
  2 deep elf death magi (Elf:2)
  An ettin (D:15)
  Fannar (D:11)
  A catoblepas (Lair:5)
  Harold (D:9)
  An ogre mage (D:14)
  9 hydras
  2 demonspawn (Orc:2)
  4 two-headed ogres
  3 centaur warriors
  10 dancing weapons
  4 boulder beetles
  An alligator (Swamp:1)
  4 tengu warriors
  9 death yaks
  8 orc high priests (Orc:2)
  Sonja (Lair:1)
  10 deep elf knights
  Amaemon (D:10)
  5 deep trolls (D:12)
  A bog body (IceCv)
  5 spriggan simulacra (IceCv)
  A wizard (D:15)
  3 deep elf archers
  An obsidian statue (IceCv)
  5 orc knights
  13 deep elf pyromancers
  4 orc sorcerers
  14 deep elf zephyrmancers
  A salamander (Snake:1)
  2 oklob plants
  4 manticores
  2 ugly things
  A will-o-the-wisp (Swamp:1)
  4 cyclopes
  Maurice (D:12)
  10 black mambas
  11 elephants
  2 naga magi (Snake:1)
  A torpor snail (Lair:5)
  2 orange demons
  3 unseen horrors
  8 rime drakes
  4 yaktaurs (D:15)
  Maggie (D:8)
  10 cane toads
  An efreet (D:14)
  A kobold demonologist (D:14)
  2 ice devils (IceCv)
  10 freezing wraiths
  11 komodo dragons
  2 red devils (Orc:2)
  A tyrant leech (Lair:2)
  5 trolls
  4 tengu conjurers
  A tarantella (shapeshifter) (D:13)
  9 polar bears
  2 hornets (Lair:4)
  12 blink frogs
  8 dream sheep
  A wolf spider simulacrum (D:15)
  3 raiju (Lair:5)
  Sigmund (D:6)
  2 air elementals
  A centaur simulacrum (D:14)
  A shadow (D:9)
  3 spriggans (Lair:4)
  5 wyverns
  2 vampires
  A water elemental (Elf:2)
  2 wraiths
  A dire elephant simulacrum (IceCv)
  3 fire bats (Lair:4)
  Eustachio (D:4)
  2 hogs (Lair:5)
  12 vampire mosquitoes
  4 basilisks
  55 yaks
  A steam dragon (D:8)
  Grum (D:8)
  3 minotaur simulacra (IceCv)
  Edmund (D:6)
  2 harpy simulacra
  3 nagas (Lair:3)
  2 acid dragons
  2 swamp worms (Swamp:1)
  10 wargs
  20 water moccasins
  2 swamp drakes (Lair:5)
  12 hell hounds (Lair:5)
  Duvessa (D:6)
  17 black bears
  The ghost of Frenzy the Chopper, an amateur OgGl (D:4)
  30 orc warriors
  A sky beast (D:6)
  4 ice beasts
  6 ogres
  22 wolves
  A boggart (Lair:4)
  2 centaurs
  Blork the orc (D:5)
  5 kobold brigands
  2 gnoll sergeants
  16 bullfrogs
  An earth elemental (Elf:1)
  6 scorpions
  5 wights (D:7)
  Dowan (D:6)
  10 killer bees
  10 howler monkeys
  3 quasits (D:4)
  3 jellies
  22 orc priests
  3 gnoll boudas
  A sleepcap (D:5)
  Ijyb (D:4)
  9 iguanas
  12 orc wizards
  Robin (D:4)
  20 gnolls
  7 adders
  A white imp (D:5)
  An ufetubus (D:5)
  A worm (D:2)
  A dart slug (D:2)
  73 orcs
  9 bats
  9 endoplasms
  17 goblins
  9 hobgoblins
  8 jackals
  7 quokkas
  8 ball pythons
  3 frilled lizards
  17 kobolds
  6 rats
821 creatures vanquished.

Vanquished Creatures (collateral kills)
  A bunyip (Swamp:1)
  A two-headed ogre (D:14)
  An alligator (Swamp:1)
  A swamp dragon (Lair:5)
  A bog body (Swamp:1)
  A deep elf archer (Elf:1)
  An orc knight (Orc:2)
  A deep elf pyromancer (Elf:2)
  A deep elf zephyrmancer (Elf:2)
  A guardian serpent (shapeshifter) (Elf:1)
  A torpor snail (Lair:5)
  3 polar bears (Lair:5)
  4 trolls (Orc:2)
  An air elemental (Elf:1)
  A hog (Lair:5)
  An orc warrior (Orc:2)
  A centaur (D:14)
  2 kobold brigands (D:14)
  An orc (Orc:2)
25 creatures vanquished.

Vanquished Creatures (others)
  A deep elf zephyrmancer (Elf:1)
  A deep elf pyromancer (Elf:1)
  A dart slug (D:4)
  A kobold (D:11)
  4 foxfires (Swamp:1)
8 creatures vanquished.

Grand Total: 854 creatures vanquished

Notes
Turn   | Place    | Note
-------+----------+-------------------------------------------
     0 | D:1      | monsoonserge the Minotaur Berserker began the quest for the
                  | Orb.
     0 | D:1      | Reached XP level 1. HP: 19/19 MP: 0/0
    75 | D:1      | Found a faded altar of an unknown god.
   156 | D:1      | Found Iqurasus's Jewellery Shop.
   176 | D:1      | Reached XP level 2. HP: 23/27 MP: 1/1
  1174 | D:2      | Reached XP level 3. HP: 33/34 MP: 2/2
  1201 | D:2      | Identified the +0 robe of Ilifes {+Blink rC- Str+2 Dex+3
                  | Archmagi}
  1256 | D:2      | Reached ** piety under Trog
  1455 | D:2      | Reached XP level 4. HP: 39/41 MP: 3/3
  1913 | D:3      | Reached skill level 5 in Axes
  2153 | D:3      | Found a snail-covered altar of Cheibriados.
  2179 | D:3      | Reached XP level 5. HP: 47/47 MP: 4/4
  2204 | D:3      | Reached *** piety under Trog
  2258 | D:3      | Reached skill level 1 in Evocations
  2395 | D:4      | Found a transporter.
  2480 | D:4      | Found a staircase to the Ecumenical Temple.
  2489 | Temple   | Entered the Ecumenical Temple
  2489 | Temple   | Found a transporter.
  2489 | Temple   | Found a transporter.
  2491 | Temple   | Found a transporter.
  2491 | Temple   | Found a transporter.
  2603 | D:4      | Found a transporter.
  2610 | D:4      | Noticed Frenzy's ghost (amateur OgGl)
  2684 | D:4      | Identified the +2 helmet "Ynoc" {Will- Int+6 SInv}
  2684 | D:4      | Noticed Robin
  2695 | D:4      | Killed Robin
  2768 | D:4      | Reached skill level 5 in Fighting
  2768 | D:4      | Reached XP level 6. HP: 56/56 MP: 5/5
  2850 | D:4      | Noticed Eustachio
  2870 | D:4      | Killed Eustachio
  2882 | D:4      | Reached skill level 1 in Ranged Weapons
  2960 | D:4      | Noticed Ijyb
  2966 | D:4      | Killed Ijyb
  3044 | D:4      | Reached XP level 7. HP: 61/61 MP: 6/6
  3094 | D:4      | You fall into a shaft and drop 1 floor!
  3094 | D:5      | Entered Level 5 of the Dungeon
  3375 | D:5      | Noticed Blork the orc
  3382 | D:5      | Killed Blork the orc
  3420 | D:5      | Reached skill level 1 in Stealth
  3799 | D:5      | Reached **** piety under Trog
  4092 | D:5      | Found a hide-covered altar of Uskayaw.
  4292 | D:5      | Reached skill level 1 in Maces & Flails
  4292 | D:5      | Reached XP level 8. HP: 66/70 MP: 7/7
  4422 | D:6      | Noticed Edmund
  4445 | D:6      | Killed Edmund
  4700 | D:6      | Reached skill level 1 in Shields
  4835 | D:6      | Found a glowing silver altar of Zin.
  4964 | D:6      | Noticed Sigmund
  4972 | D:6      | Killed Sigmund
  4973 | D:6      | Reached skill level 5 in Maces & Flails
  5146 | D:6      | Noticed Duvessa
  5146 | D:6      | Noticed Dowan
  5161 | D:6      | Killed Duvessa
  5173 | D:6      | Killed Dowan
  5294 | D:6      | Found a bloodstained altar of Trog.
  5397 | D:6      | Reached skill level 2 in Shields
  5397 | D:6      | Reached XP level 9. HP: 61/79 MP: 8/8
  5411 | D:6      | Reached skill level 5 in Armour
  5482 | D:7      | Found a shimmering altar of Xom.
  5496 | D:7      | Reached skill level 1 in Unarmed Combat
  5635 | D:7      | Reached skill level 3 in Shields
  5769 | D:7      | Reached skill level 1 in Throwing
  6182 | D:8      | Noticed Maggie
  6188 | D:8      | Killed Maggie
  6189 | D:8      | Reached skill level 4 in Shields
  6432 | D:8      | Noticed Grum
  6438 | D:8      | Killed Grum
  6439 | D:8      | Reached skill level 10 in Axes
  6445 | D:8      | Reached XP level 10. HP: 90/90 MP: 9/9
  6449 | D:8      | Reached ***** piety under Trog
  6538 | D:8      | Found a staircase to the Lair.
  7417 | D:9      | Found a hazy altar of Hepliaklqana.
  7418 | D:9      | Found an opulent altar of Gozag.
  7496 | D:9      | Found Higemnio's Weapon Shoppe.
  7637 | D:9      | Noticed Harold
  7639 | D:9      | Found Nirrayruzi's Assorted Antiques.
  7658 | D:9      | Killed Harold
  7659 | D:9      | Reached skill level 5 in Shields
  8114 | D:10     | Entered Level 10 of the Dungeon
  8559 | D:10     | Reached skill level 10 in Fighting
  8563 | D:10     | Reached XP level 11. HP: 80/99 MP: 10/10
  8751 | D:10     | Noticed a two-headed ogre
  8763 | D:10     | Killed a two-headed ogre
  8963 | D:10     | Noticed a tengu warrior
  8974 | D:10     | Killed a tengu warrior
  9042 | D:11     | Noticed Fannar
  9169 | D:11     | Received a gift from Trog
  9323 | D:11     | Noticed Amaemon
  9370 | D:10     | Killed Amaemon
  9680 | D:11     | Noticed a boulder beetle
  9688 | D:11     | Noticed a cyan ugly thing
  9760 | Lair:1   | Entered Level 1 of the Lair of Beasts
  9788 | Lair:1   | Reached skill level 6 in Shields
 10255 | D:1      | Bought the ring of Day {Will+ rCorr Str+6 Int-3 Stlth+} for
                  | 500 gold pieces
 10314 | D:4      | Killed Frenzy's ghost
 10315 | D:4      | Reached skill level 7 in Shields
 10319 | D:4      | Reached skill level 5 in Dodging
 10558 | D:11     | Noticed a two-headed ogre
 10565 | D:11     | Killed a cyan ugly thing
 10566 | D:11     | Killed a boulder beetle
 10570 | D:11     | Killed a two-headed ogre
 10574 | D:11     | Reached XP level 12. HP: 110/110 MP: 11/11
 10790 | D:11     | Reached skill level 8 in Shields
 10870 | D:11     | Killed Fannar
 11506 | D:12     | Noticed a death yak
 11507 | D:12     | Noticed a death yak
 11562 | D:12     | Killed a death yak
 11563 | D:12     | Reached skill level 9 in Shields
 11652 | D:12     | Reached skill level 10 in Armour
 11866 | D:12     | Noticed a boulder beetle
 11889 | D:12     | Killed a boulder beetle
 11917 | D:12     | Noticed Maurice
 11934 | D:12     | Killed Maurice
 12146 | D:12     | Noticed a death yak
 12162 | D:12     | Killed a death yak
 12209 | D:12     | Found a staircase to the Orcish Mines.
 12342 | D:12     | Killed a death yak
 12484 | D:12     | Reached skill level 10 in Shields
 13346 | Lair:1   | Noticed Sonja
 13352 | Lair:1   | Killed Sonja
 13536 | Lair:1   | Reached XP level 13. HP: 115/122 MP: 12/12
 13618 | Lair:1   | Identified the +7 rapier of Blood-Lust {venom, rC+}
 13986 | Lair:2   | Identified the +9 mace of Excruciating Pain {heavy, rN+}
                  | (Trog gifted it to you on level 2 of the Lair of Beasts)
 13986 | Lair:2   | Received a gift from Trog
 13987 | Lair:2   | Reached skill level 11 in Shields
 14715 | Lair:2   | Got Orotapeph's Folio of the Volcano and Putrescence
 14830 | Lair:2   | Found a staircase to the Swamp.
 15160 | Lair:2   | Reached skill level 12 in Shields
 16161 | Lair:3   | Identified a scroll of acquirement
 16162 | Lair:3   | Acquired 977 gold pieces
 16865 | Lair:3   | Found a staircase to the Snake Pit.
 17202 | Lair:4   | Identified the +0 chain mail of the Salamander {rF+}
 17208 | Lair:4   | Found a runed translucent door.
 17213 | Lair:4   | Found a staircase to the Slime Pits.
 17329 | Lair:4   | Reached skill level 13 in Shields
 17602 | Lair:4   | Reached XP level 14. HP: 124/130 MP: 13/13
 17602 | Lair:4   | Found a runed translucent door.
 17604 | Lair:4   | Noticed Bananafolds's ghost (journeyman MfSk)
 17605 | Lair:4   | Identified the +7 spear "Hoevatz" {heavy, Fragile rElec
                  | Int+8}
 17763 | Lair:5   | Entered Level 5 of the Lair of Beasts
 17788 | Lair:5   | Found a transporter.
 17853 | Lair:4   | Found a dark tunnel.
 18560 | Lair:4   | Killed Bananafolds's ghost
 18561 | Lair:4   | Reached skill level 10 in Maces & Flails
 18764 | Lair:5   | Noticed Mibb's ghost (journeyman MiFi)
 18842 | Lair:5   | Reached skill level 14 in Shields
 19254 | Lair:5   | Received a gift from Trog
 19637 | Lair:5   | Found a transporter.
 19721 | Lair:5   | Reached skill level 15 in Shields
 19842 | Lair:5   | Noticed Kirke
 19844 | Lair:5   | Noticed a sphinx
 19887 | Lair:5   | Killed Kirke
 20849 | D:9      | Bought a scroll labelled BISUEF LYCVECS for 25 gold pieces
 20924 | Orc:1    | Entered Level 1 of the Orcish Mines
 20927 | Orc:1    | Received a gift from Trog
 21211 | Orc:2    | Entered Level 2 of the Orcish Mines
 21268 | Orc:2    | Reached skill level 5 in Evocations
 21696 | Orc:2    | Found a staircase to the Elven Halls.
 22006 | Orc:2    | Reached XP level 15. HP: 139/139 MP: 14/14
 22111 | Orc:2    | Reached skill level 15 in Fighting
 22508 | Orc:2    | Found Yrchuboy's Distillery.
 22509 | Orc:2    | Found Ykengisi's Magic Scroll Shoppe.
 22704 | Orc:2    | Received a gift from Trog
 22720 | Orc:2    | Bought a potion of degeneration for 15 gold pieces
 22772 | Orc:2    | Reached skill level 16 in Shields
 23613 | Orc:2    | Found Gopeduiq's Book Shop.
 23613 | Orc:2    | Found Rorph's Antique Weapon Boutique.
 23613 | Orc:2    | Found a one-way gate leading to the halls of Pandemonium.
 23623 | Orc:2    | Bought a brightly glowing morningstar for 270 gold pieces
 23623 | Orc:2    | Identified the +7 morningstar of the Gazing Gods {pain,
                  | rElec rPois rC++ Int-5} (You bought it in a shop on level 2
                  | of the Orcish Mines)
 23630 | Orc:2    | Bought a warped great mace for 345 gold pieces
 23630 | Orc:2    | Identified the +8 great mace "Divvaqax" {drain, Int+4
                  | Stlth-} (You bought it in a shop on level 2 of the Orcish
                  | Mines)
 23669 | Orc:2    | Bought 2 scrolls of teleportation for 84 gold pieces
 24151 | D:13     | Noticed Nessos
 24154 | D:13     | Killed Nessos
 25976 | D:14     | Found a gate to the Vaults.
 26012 | D:15     | Entered Level 15 of the Dungeon
 26719 | Lair:5   | Killed Mibb's ghost
 26726 | Lair:5   | Received a gift from Trog
 27205 | Swamp:1  | Entered Level 1 of the Swamp
 27212 | Swamp:1  | Reached skill level 17 in Shields
 27228 | Swamp:1  | Reached XP level 16. HP: 57/151 MP: 15/15
 28213 | D:15     | Found a staircase to the Depths.
 28684 | Elf:1    | Entered Level 1 of the Elven Halls
 28689 | Elf:1    | Paralysed by an air elemental for 1 turns
 28945 | Elf:1    | Reached skill level 15 in Armour
 29293 | Elf:1    | Paralysed by an air elemental for 1 turns
 29838 | Elf:1    | Reached skill level 18 in Shields
 31090 | Elf:2    | Paralysed by an air elemental for 1 turns
 31093 | Elf:2    | Paralysed by an air elemental for 1 turns
 31196 | Elf:2    | Found Huny's Assorted Antiques.
 31204 | Elf:2    | Bought a scroll labelled BISUEF LYCVECS for 22 gold pieces
 31204 | Elf:2    | Bought a runed buckler for 165 gold pieces
 31504 | Snake:1  | Entered Level 1 of the Snake Pit
 31689 | Snake:1  | Found a frozen archway.
 31702 | IceCv    | Entered an ice cave
 32286 | IceCv    | Slain by a caustic shrike simulacrum

Illustrated notes

Levels and vault maps discovered:
D:1:      elethiomel_arrival_shortcut, layout_basic,
          shapermc_ecumenical_altar_starsandcircs, serial_shops,
          nicolae_shop_hallway_stairs
D:2:      layout_basic, minmay_small_reverse_x
D:3:      layout_basic, lemuel_tele_altar
D:4:      layout_cave_pools, temple_hall, gammafunk_ghost_stat_death,
          grunt_decor_junction, uniq_ijyb, uniq_eustachio, uniq_robin
D:5:      layout_layer_cave, nicolae_uskayaw_suspiria, kennysheep_potato,
          uniq_blork_the_orc
D:6:      layout_cave_pods, kennysheep_mini, zin_scriptorium, uniq_duvessa,
          uniq_sigmund, uniq_edmund
D:7:      layout_rooms, old_standard_altar
D:8:      layout_loops_ring, dpeg_oklobed_lair, uniq_maggie, uniq_grum
D:9:      layout_stronghold, gammafunk_temple_overflow_pools, serial_shops,
          shop, shop, uniq_harold
D:10:     layout_gridville
D:11:     layout_long_grid, uniq_amaemon, uniq_fannar
D:12:     lemuel_troll_bridge, layout_basic, david_orc_2,
          mrwooster_statue_mirror, uniq_maurice
D:13:     layout_layer_cave, uniq_nessos
D:14:     layout_gridville, hangedman_vaults_entry_quadrant_bands
D:15:     hangedman_depths_entry_civil_slaughter, layout_cave_pods,
          minmay_misc_feat_more_columns
Temple:   hellmonk_temple_divided_pantheon
Lair:1:   layout_regular_city, beast_lair_carwin_2, uniq_sonja
Lair:2:   nzn_winding_woodlands_large [nzn_winding_woodlands_5x5_checkerboard,
          nzn_winding_woodlands_5x15_garden,
          nzn_winding_woodlands_5x5_perimeter,
          nzn_winding_woodlands_center_diamonds,
          nzn_winding_woodlands_15x15_boxy_spiral,
          nzn_winding_woodlands_center_pierced_h,
          nzn_winding_woodlands_5x5_cross, nzn_winding_woodlands_5x15_twine,
          nzn_winding_woodlands_5x5_closed_star], layout_small_grid, swamp_mist,
          grunt_forest_large_clearings
Lair:3:   layout_concentric_octagons, nicolae_snake_entry_squirm
Lair:4:   cheibrodos_lair_river_kwai, layout_concentric_octagons, slime_entry_2,
          ebering_ghost_funeral_grove, nicolae_volcano_entry_batcave
Lair:5:   hangedman_lair_caniforms_friends, layout_small_grid,
          guppyfry_lair_end_dragon, nzn_ghost_randoct, st_stairs_7, uniq_kirke
Swamp:1:  layout_basic_swamp, gammafunk_ghost_berserking_beasts,
          evilmike_swamp_ruin_house_5, uniq_frances
Snake:1:  layout_cave_pods, portal_ice_cave_entry_pillars_four,
          minmay_shop_star, uniq_donald
Orc:1:    layout_caves
Orc:2:    pf_orc_diabolical, layout_diamond_mine
Elf:1:    eino_elf_arrival_sip, layout_rooms,
          hangedman_elven_crosses_minicolossus
Elf:2:    nicolae_elf_blades_crystal_corner, layout_onion_city, serial_shops,
          shop, nicolae_rare_books
IceCv:    ice_cave_small_demon

Skill      XL: |  1  2  3  4  5  6  7  8  9 10 11 12 13 14 15 16 |
---------------+-------------------------------------------------+-----
Axes           | 4 5 6 7 8 10 12 13 | 13.3
Fighting       | 4 5 6 7 8 10 11 13 14 16 17 | 17.2
Evocations     | 1 2 3 4 5 6 8 |  8.5
Armour         | 3 4 6 7 9 11 13 14 15 | 15.4
Dodging        | 3 4 5 6 7 |  7.2
Ranged Weapons | 1 2 |  2.5
Stealth        | 1 |  1.0
Maces & Flails | 1 6 9 11 12 | 12.5
Shields        | 2 4 5 7 10 13 15 17 18 | 18.6
Unarmed Combat | 1 |  1.0
Throwing       | 1 2 3 4 |  4.1

Action                     |  1- 3 |  4- 6 |  7- 9 | 10-12 | 13-15 | 16-18 || total
---------------------------+-------+-------+-------+-------+-------+-------++-------
  Melee: Hand axe          |    73 |    38 |    30 |       |       |       ||   141
         Headbutt          |     7 |    14 |    51 |    90 |   252 |    60 ||   474
         War axe           |       |    96 |    81 |   522 |    52 |       ||   751
         Flail             |       |       |   161 |       |       |       ||   161
         Unarmed           |       |       |     5 |       |       |       ||     5
         Punch             |       |       |     1 |       |       |       ||     1
         Mace              |       |       |       |       |   400 |       ||   400
         Eveningstar       |       |       |       |       |   638 |   147 ||   785
         Broad axe         |       |       |       |       |     8 |   248 ||   256
   Fire: Sling             |       |     5 |       |     3 |     3 |       ||    11
  Throw: Javelin           |       |       |     4 |       |     1 |       ||     5
         Dart              |       |       |       |    28 |     6 |     1 ||    35
         Boomerang         |       |       |       |       |       |     4 ||     4
 Invoke: Trog's Hand       |       |     1 |       |     2 |    10 |     3 ||    16
         Berserk           |       |       |     3 |     6 |     9 |       ||    18
         Brothers in Arms  |       |       |       |       |     8 |     4 ||    12
  Evoke: Wand              |       |       |       |       |     7 |     1 ||     8
    Use: Scroll            |       |       |       |    12 |    14 |     2 ||    28
         Potion            |       |       |       |       |       |     1 ||     1
   Stab: Petrified         |       |       |       |       |     4 |       ||     4
 Armour: Animal skin       |    13 |       |       |       |       |       ||    13
         Ring mail         |     6 |     2 |       |       |       |       ||     8
         Chain mail        |       |    80 |       |   196 |   210 |       ||   486
         Leather armour    |       |     4 |    89 |       |       |       ||    93
         Skin              |       |       |    16 |       |       |       ||    16
         Plate armour      |       |       |    30 |       |       |       ||    30
         Acid dragon scale |       |       |     9 |    71 |       |       ||    80
         Pearl dragon scal |       |       |       |       |   210 |   112 ||   322
  Dodge: Dodged            |    49 |    70 |   125 |   157 |   382 |   120 ||   903
  Block: Other             |    19 |    41 |    17 |       |       |       ||    77
         Reflection        |       |     4 |     5 |     6 |    32 |    39 ||    86
         Buckler           |       |       |    65 |    82 |       |    79 ||   226
         Kite shield       |       |       |       |   259 |  1045 |   178 ||  1482
